 Dungeon Crawl Stone Soup version 0.30-a0-170-g85af917532 (webtiles) character file.

Game seed: 3399813822949702569

501 qw the Shield-Bearer (level 7, -4/43 HPs)
             Began as a Gargoyle Fighter on Oct 1, 2022.
             Slain by an iguana (11 damage)
             ... on level 4 of the Dungeon.
             The game lasted 00:01:40 (4045 turns).

qw the Shield-Bearer (Gargoyle Fighter)             Turns: 4045, Time: 00:01:41

Health: -4/43      AC: 17    Str: 22    XL:     7   Next: 17%
Magic:  7/7        EV:  6    Int:  8    God:
Gold:   231        SH:  9    Dex:  9    Spells: 6/6 levels left

rFire   + . .      SeeInvis .    Y - +0 broad axe
rCold   . . .      Faith    .    n - +0 kite shield
rNeg    + . .      Spirit   .    e - +0 chain mail
rPois   inf        Reflect  .    (no helmet)
rElec   +          Harm     .    h - +2 cloak
rCorr   +          Rampage  .    (no gloves)
Will    .....                    (no boots)
Stlth   ..........               (no amulet)
HPRegen 0.14/turn                k - ring of protection from fire
MPRegen 0.10/turn                p - ring of resist corrosion

@: no status effects
A: sickness immunity, AC +4, negative energy resistance 1, electricity
resistance, torment resistance 1, petrification resistance
a: no special abilities


You were on level 4 of the Dungeon.
You visited 1 branch of the dungeon, and saw 4 of its levels.

You collected 287 gold pieces.
You spent 56 gold pieces at shops.


Innate Abilities, Weirdness & Mutations

You are immune to sickness and miasma.
Your stone body is resilient. (AC +4)
You are immune to poison.
You resist negative energy. (rN+)
You are resistant to electric shocks. (rElec)
You are resistant to unholy torment.
You are immune to petrification.


   Skills:
 - Level 4.1 Fighting
 + Level 5.0 Axes
 - Level 3.2 Armour
 - Level 6.0 Shields


You had 6 spell levels left.
You didn't know any spells.
Your spell library was empty.

Inventory:

Hand Weapons
 b - a +0 flail
 Y - a +0 broad axe (weapon)
Armour
 e - a +0 chain mail (worn)
 h - a +2 cloak (worn)
 n - a +0 kite shield (worn)
Jewellery
 k - a ring of protection from fire (left hand)
 p - a ring of resist corrosion (right hand)
Scrolls
 c - a scroll of poison {unknown}
 q - a scroll of identify
Potions
 a - a potion of curing
 d - 3 potions of might
 f - a potion of lignification
 g - a potion of cancellation {unknown}
 r - a potion of magic {unknown}
 s - a potion of attraction

Dungeon Overview and Level Annotations

Branches:
Dungeon (4/15)
 Temple: D:4-7

Altars:

Shops:
D:3 (

Annotations:
D:3 3 runed translucent doors, qw's ghost, amateur GrFi


Message History

The steam dragon barely misses you. The steam dragon closely misses you.
You hit the steam dragon.
The steam dragon is almost dead.
The steam dragon bites you but does no damage.
You block the steam dragon's attack. The steam dragon barely misses you.
You block the steam dragon's attack.
You hit the steam dragon but do no damage.
The steam dragon is almost dead.
The steam dragon barely misses you. The steam dragon claws you.
The kobold is engulfed in a cloud of scalding steam.
The kobold dies!
You closely miss the steam dragon.
The steam dragon is almost dead.
You block the steam dragon's attack. The steam dragon barely misses you.
You block the steam dragon's attack.
The steam dragon claws you but does no damage.
You barely miss the steam dragon.
The steam dragon is almost dead.
The steam dragon breathes steam at you.
The ball of steam hits you but does no damage.
You hit the steam dragon but do no damage.
The steam dragon is almost dead.
The steam dragon bites you.
The steam dragon claws you but does no damage.
The steam dragon bites you!
The steam dragon claws you but does no damage.
You slash the steam dragon!
You kill the steam dragon!
The steam dragon scales are intact enough to wear.
The iguana bites you!
Your Shields skill increases to level 6!
You have reached level 7!
You closely miss the iguana. You block the iguana's attack.
You barely miss the iguana.
The iguana bites you but does no damage. x2
You hit the iguana.
The iguana is moderately wounded.
The iguana bites you!
You die...

#.... #.... #....
#.... #.... ..)
########l###
#........@.#
#.........##
#.........#
#######...###+####
..........#......#
..........#......#
......)...#......#
########'###......#
..................#


You could see an iguana.

Vanquished Creatures
  A steam dragon (D:4)
  2 orc priests (D:3)
  A hound (D:4)
  2 orc wizards (D:4)
  8 gnolls
  6 adders
  5 worms
  3 dart slugs
  9 orcs
  7 ball pythons
  7 endoplasms
  2 giant cockroaches (D:1)
  8 goblins
  6 hobgoblins
  3 jackals
  6 kobolds
  11 bats
  2 frilled lizards
  8 rats
97 creatures vanquished.

Vanquished Creatures (others)
  A kobold (D:4)
1 creature vanquished.

Grand Total: 98 creatures vanquished

Notes
Turn   | Place    | Note
-------+----------+-------------------------------------------
     0 | D:1      | qw the Gargoyle Fighter began the quest for the Orb.
     0 | D:1      | Reached XP level 1. HP: 14/14 MP: 1/1
     0 | D:1      | 0 ||| qw: Version: 0.2-a-13-gfc7b4b4
     0 | D:1      | 0 ||| qw: Game counter: 1706
     0 | D:1      | 0 ||| qw: Always use a shield: true
     0 | D:1      | 0 ||| qw: God list: Okawaru
     0 | D:1      | 0 ||| qw: Allow faded altars: false
     0 | D:1      | 0 ||| qw: Do Orc after D:15 true
     0 | D:1      | 0 ||| qw: Do second Lair branch before Depths: true
     0 | D:1      | 0 ||| qw: Lair rune preference: random
     0 | D:1      | 0 ||| qw: Plans: Normal, Zot:1-4, God:TSO, Crypt, Tomb,
                  | Pan, Slime:5, Hells, Abyss, Orb
     0 | D:1      | 0 ||| PLANNING D:1-11
   324 | D:1      | Reached XP level 2. HP: 19/19 MP: 2/2
   388 | D:1      | 388 ||| Stepping ~*~*~tactically~*~*~ (stealth).
   516 | D:1      | Reached skill level 3 in Axes
   577 | D:1      | Reached XP level 3. HP: 21/23 MP: 3/3
   981 | D:1      | Found a faded altar of an unknown god.
  1091 | D:1      | 1091 ||| UPGRADING to +2 cloak.
  1096 | D:1      | 1096 ||| UPGRADING to +1 scale mail of poison resistance.
  1106 | D:1      | 1106 ||| DROPPING +0 scale mail.
  1125 | D:2      | 1125 ||| STAIRDANCE
  1164 | D:1      | 1164 ||| DROPPING +0 whip.
  1168 | D:2      | 1168 ||| STAIRDANCE
  1172 | D:1      | Reached XP level 4. HP: 18/28 MP: 4/4
  1327 | D:2      | 1327 ||| Stepping ~*~*~tactically~*~*~ (stealth).
  1341 | D:2      | 1341 ||| Stepping ~*~*~tactically~*~*~ (stealth).
  1581 | D:2      | 1581 ||| Stepping ~*~*~tactically~*~*~ (stealth).
  1584 | D:2      | 1584 ||| Stepping ~*~*~tactically~*~*~ (stealth).
  1705 | D:2      | Reached XP level 5. HP: 30/32 MP: 5/5
  1720 | D:2      | 1720 ||| Stepping ~*~*~tactically~*~*~ (stealth).
  1724 | D:2      | 1724 ||| Stepping ~*~*~tactically~*~*~ (stealth).
  1728 | D:2      | 1728 ||| Stepping ~*~*~tactically~*~*~ (stealth).
  2226 | D:2      | 2226 ||| UPGRADING to +0 chain mail.
  2236 | D:2      | 2236 ||| DROPPING +1 scale mail of poison resistance.
  2237 | D:2      | 2237 ||| UPGRADING to +0 kite shield.
  2247 | D:2      | 2247 ||| DROPPING +0 buckler.
  2248 | D:2      | 2248 ||| UPGRADING to ring of protection from fire.
  2249 | D:2      | 2249 ||| UPGRADING to ring of resist corrosion.
  2250 | D:2      | 2250 ||| READING scroll labelled YNUROT YSIPOU.
  2251 | D:2      | 2251 ||| READING 2 scrolls labelled KASMAA PUHI.
  2252 | D:2      | 2252 ||| READING scroll labelled HIZXAE CAOWK.
  2253 | D:2      | 2253 ||| READING scroll labelled APOBLOLIASS.
  2254 | D:2      | 2254 ||| READING 3 scrolls labelled ANUYHO LANOUK.
  2255 | D:2      | 2255 ||| READING scroll labelled JAGUAMUTIK.
  2256 | D:2      | 2256 ||| READING 2 scrolls of identify.
  2256 | D:2      | 2256 ||| IDENTIFYING lumpy amethyst potion
  2257 | D:2      | 2257 ||| DROPPING scroll of magic mapping.
  2346 | D:3      | 2346 ||| Stepping ~*~*~tactically~*~*~ (hiding).
  2498 | D:3      | 2498 ||| Stepping ~*~*~tactically~*~*~ (stealth).
  2501 | D:3      | 2501 ||| Stepping ~*~*~tactically~*~*~ (stealth).
  2506 | D:3      | Reached skill level 4 in Shields
  2517 | D:3      | 2517 ||| Stepping ~*~*~tactically~*~*~ (stealth).
  2760 | D:3      | 2760 ||| Stepping ~*~*~tactically~*~*~ (stealth).
  2762 | D:3      | 2762 ||| Stepping ~*~*~tactically~*~*~ (stealth).
  2767 | D:3      | 2767 ||| Stepping ~*~*~tactically~*~*~ (stealth).
  2772 | D:3      | 2772 ||| Stepping ~*~*~tactically~*~*~ (stealth).
  2825 | D:3      | Found Maclet's Weapon Shoppe.
  2832 | D:3      | 2832 ||| BUYING +0 broad axe (56 gold).
  2832 | D:3      | Bought a +0 broad axe for 56 gold pieces
  2832 | D:3      | 2832 ||| SWAPPING to +0 broad axe.
  2833 | D:3      | 2833 ||| DROPPING +1 war axe.
  2902 | D:3      | 2902 ||| Stepping ~*~*~tactically~*~*~ (hiding).
  2918 | D:3      | Reached XP level 6. HP: 11/37 MP: 6/6
  2978 | D:3      | 2978 ||| FLEEEEING.
  3260 | D:3      | Reached skill level 5 in Shields
  3460 | D:3      | Found a runed translucent gate.
  3460 | D:3      | Found a runed translucent gate.
  3460 | D:3      | Found a runed translucent gate.
  3460 | D:3      | Noticed qw's ghost (amateur GrFi)
  3496 | D:3      | 3496 ||| Stepping ~*~*~tactically~*~*~ (hiding).
  3638 | D:3      | 3638 ||| Stepping ~*~*~tactically~*~*~ (stealth).
  3682 | D:3      | 3682 ||| READING scroll labelled WIN LUW RINLUM.
  3683 | D:3      | 3683 ||| DRINKING 2 inky potions.
  3684 | D:3      | 3684 ||| DRINKING 2 black potions.
  3685 | D:3      | 3685 ||| READING 2 scrolls of identify.
  3685 | D:3      | 3685 ||| IDENTIFYING murky white potion
  3686 | D:3      | 3686 ||| DROPPING potion of degeneration.
  3716 | D:3      | 3716 ||| Stepping ~*~*~tactically~*~*~ (stealth).
  3776 | D:3      | 3776 ||| Stepping ~*~*~tactically~*~*~ (hiding).
  3867 | D:4      | 3867 ||| Stepping ~*~*~tactically~*~*~ (stealth).
  3879 | D:4      | 3879 ||| DRINKING potion of curing.
  3879 | D:4      | 3879 ||| (to cure confusion)
  4015 | D:4      | Noticed a steam dragon
  4016 | D:4      | 4016 ||| Stepping ~*~*~tactically~*~*~ (hiding).
  4042 | D:4      | Killed a steam dragon
  4042 | D:4      | HP: 6/38 [iguana (10)]
  4043 | D:4      | Reached skill level 6 in Shields
  4043 | D:4      | Reached XP level 7. HP: 6/43 MP: 7/7
  4045 | D:4      | Slain by an iguana

Levels and vault maps discovered:
D:1:      dpeg_arrival_central, layout_loops_ring,
          hellmonk_ecumenical_altar_prayer_group
D:2:      minmay_thinvault, layout_basic, wad_floor_pattern_untrapped
D:3:      layout_loops_ring, serial_shops, nicolae_shop_bloodbath_and_beyond,
          gammafunk_ghost_nasty_kobolds
D:4:      layout_gridville, gammafunk_temple_overflow_elements

Skill      XL: |  1  2  3  4  5  6 |
---------------+-------------------+-----
Axes           | 2 3 4 5 |  5.0
Shields        | 4 6 |  6.0
Fighting       | 4 |  4.1
Armour         | |  3.2

Action                   |  1- 3 |  4- 6 |  7- 9 || total
-------------------------+-------+-------+-------++-------
Melee: War axe           |    94 |   146 |       ||   240
       Broad axe         |       |   109 |     3 ||   112
  Use: Scroll            |       |     9 |       ||     9
       Potion            |       |     3 |       ||     3
Armor: Scale mail        |    46 |    41 |       ||    87
       Chain mail        |       |   104 |     2 ||   106
Dodge: Dodged            |    57 |    90 |       ||   147
Block: Buckler           |    15 |    15 |       ||    30
       Kite shield       |       |    78 |     1 ||    79

Table legend:
 A = Non-vault XP
 B = Vault XP
 C = Vault XP percentage of total XP
 D = Non-vault monster count
 E = Vault monster count
 F = Vault count percentage of total count
                 A         B        C        D         E       F
            +---------+---------+-------+---------+---------+-------
      Total |     678 |      39 |   5.4 |      81 |      16 |  16.5
            +---------+---------+-------+---------+---------+-------
        D:1 |     101 |       0 |   0.0 |      29 |       0 |   0.0
        D:2 |      53 |      39 |  42.4 |      15 |      16 |  51.6
        D:3 |     229 |       0 |   0.0 |      29 |       0 |   0.0
        D:4 |     295 |       0 |   0.0 |       8 |       0 |   0.0
            +---------+---------+-------+---------+---------+-------
